 Dungeon Sprint DCSS version 0.18-a0-1123-gbd92598 (webtiles) character file.

64339 Kidiri the Unseen (level 13, -13/69 HPs)
             Began as a Spriggan Enchanter on Jan 19, 2016.
             Was the Champion of Dithmenos.
             Killed from afar by an Ice Fiend (42 damage)
             ... with a bolt of cold
             ... summoned by a deep elf demonologist
             ... in the Dungeon (Sprint III: "The Ten Rune Challenge").
             The game lasted 00:24:28 (4863 turns).

Kidiri the Unseen (Spriggan Enchanter)              Turns: 4863, Time: 00:24:28

Health: -13/69     AC:  6    Str:  4    XL:     13   Next: 52%
Magic:  0/34       EV: 35    Int: 19    God:    Dithmenos [******]
Gold:   3351       SH:  0    Dex: 19    Spells: 8 memorised, 14 levels left

rFire  . . .     SeeInvis +     s - +0 short sword
rCold  . . .     Gourm    .     t - +3 robe of Clouds {+Fly rElec}
rNeg   . . .     Faith    .     (shield restricted)
rPois  .         Spirit   +     e - +1 hat {Spirit}
rElec  +         Dismiss  .     (no cloak)
rCorr  .         Reflect  .     (gloves unavailable)
SustAt .         Harm     .     (boots unavailable)
MR     ++...     NoTele   +     (no amulet)
Stlth  ++++++++++               (no ring)
                                (no ring)

@: very slightly contaminated, wreathed by umbra, very quick, very resistant to
hostile enchantments, uncannily stealthy
A: unfitting armour, see invisible, herbivore 3, speed 3, slow metabolism 2
a: Shadow Step, Shadow Form, Renounce Religion, Evoke Flight
}: 2/10 runes: serpentine, barnacled


You were in the Dungeon.
You worshipped Dithmenos.
Dithmenos was exalted by your worship.
You were not hungry.

You visited 1 branch You collected 3732 gold pieces.
You spent 381 gold pieces at shops.

Inventory:

Hand Weapons
 s - a +0 short sword (weapon)
Armour
 b - a +1 robe
 e - a +1 hat of spirit shield (worn)
 t - the +3 robe of Clouds (worn) {+Fly rElec}
   (You bought it in a shop in the Dungeon)

   It insulates you from electricity.
   It lets you fly.
Scrolls
 j - a scroll of blinking
 k - a scroll of torment {unknown}
 l - a scroll of identify {unknown}
 m - 4 scrolls of remove curse
 p - a scroll of holy word {unknown}
 q - a scroll of enchant armour {unknown}
Potions
 c - 2 potions of might
 d - a potion of curing
 g - a potion of haste
 h - a potion of brilliance {unknown}
 i - 2 potions of berserk rage
 n - 4 potions of cure mutation
 o - 3 potions of flight
Comestibles
 a - 6 fruits
 r - 31 royal jellies


   Skills:
 + Level 8.7 Fighting
 * Level 15.2 Short Blades
 + Level 7.9 Armour
 * Level 19.3 Dodging
 * Level 20.6 Stealth
 * Level 16.5 Spellcasting
 + Level 7.7 Conjurations
 + Level 12.3 Hexes
 + Level 8.6 Ice Magic
 + Level 8.7 Earth Magic
 - Level 2.4 Invocations


You had 14 spell levels left.
You knew the following spells:

 Your Spells              Type           Power        Failure   Level  Hunger
a - Corona                Hex            ######.      1%          1    None
b - Ensorcelled Hibernat  Hex/Ice        ######       1%          2    None
c - Confuse               Hex            ######..     1%          3    None
d - Tukima's Dance        Hex            ######..     1%          3    None
e - Dazzling Spray        Conj/Hex       ######..     1%          3    None
f - Leda's Liquefaction   Hex/Erth       ######....   1%          4    None
g - Iron Shot             Conj/Erth      #####.....   24%         6    #####..
h - Shatter               Erth           #####.....   100%        9    #######


Dungeon Overview and Level Annotations

Branches:
Dungeon (1/1)

Altars:
Cheibriados
Dithmenos
Elyvilon
Fedhas
Gozag
Kikubaaqudgha
Makhleb
Nemelex Xobeh
Okawaru
Pakellas
Qazlal
Ru
Sif Muna
Trog
Vehumet
Xom
Yredelemnul
Zin
The Shining One
Jiyva
Lugonu

Shops:
D :[%%}[(


Innate Abilities, Weirdness & Mutations

You are tiny and cannot use many weapons and most armour.
You have supernaturally acute eyesight.
You are a herbivore.
You cover ground extremely quickly.
You need consume almost no food.


Message History

The deep elf knight misses you.
Items here: ( )) † a short sword; a longbow; 18 arrows; an elf corpse
There is an open door here.
There is an open door to the Elven Halls here.
You close the door.
A deep elf knight opens the door.
You enter the shallow water.
Moving in this stuff is going to be slow.
Casting: Dazzling Spray
Confirm with . or Enter, or press ? or * to list all spells.
Aiming: Ensorcelled Hibernation
Press: ? - help, Shift-Dir - straight line, f - deep elf knight
Aim: a deep elf knight, wielding a scimitar (heavily wounded, fast, slightly transparent, protected by a disc of dense vapour, umbra, chance to defeat MR: 22%)
You miscast Ensorcelled Hibernation.
You are very lightly contaminated with residual magic.
Nothing appears to happen.
The deep elf knight misses you. The Ice Fiend gestures at you.
The bolt of cold hits you!
Ouch! That really hurt!
You die...

▓▓▓ ###############.############
# ___#__[#_§##..))#∩.≈1'.#...#
e2.
)..#...#._#...).....##.#...##≈≈≈≈
##+#+###+##...§(...#§#.#)§.≈≈≈...
....≈..)§.#.).§§@e..##.#)).##≈≈≈≈
.⌠..§[...≈#.#)#..##..#.1§..# .
...######'#..#.#############
.⌠.#__#.§.#'#####################
...#__#.§.#.§§§≈+§#)+...+.#.#.#.+
+###__#...#)#§§§#.#)#...##.#.#.##
.):#__#§..')#.§.#.#.#)..#.#.#.#.#
___#§_+.§.#.#§§.#...#)).##.#.#.##
▓▓▓▓▓▓▓▓▓▓▓▓▓▓▓▓▓▓▓▓▓▓▓▓#.#.#.#.#


You could see an Ice Fiend and a deep elf knight (invisible).

Vanquished Creatures
  Rupert (D)
  A kraken (D)
  Gastronok (D)
  A greater naga (D)
  Maud (D)
  2 dire elephants (D)
  Snorg (D)
  2 hydras (D)
  A centaur warrior (D)
  A naga warrior (D)
  3 alligator snapping turtles (D)
  5 anacondas (D)
  4 death yaks (D)
  2 deep elf knights (D)
  A death drake (D)
  A spriggan druid (D)
  An unseen horror (D)
  A lindwurm (D)
  3 deep elf magi (D)
  2 elephants (D)
  6 black mambas (D)
  A guardian serpent (D)
  2 spiny frogs (D)
  A komodo dragon (D)
  A fire drake (D)
  A queen bee (D)
  3 wandering mushrooms (D)
  2 giant leeches (D)
  8 blink frogs (D)
  3 snapping turtles (D)
  A shadow (D)
  3 redbacks (D)
  2 spriggans (D)
  A spatial vortex (D)
  2 nagas (D)
  3 water moccasins (D)
  A swamp drake (D)
  4 orc warriors (D)
  A necrophage (D)
  2 centaurs (D)
  An earth elemental (D)
  A water elemental (D)
  31 killer bees (D)
  An electric eel (D)
  A wizard (D)
  A jelly (D)
  An orc priest (D)
  2 orc wizards (D)
  Jessica (D)
  A necromancer (D)
  A wolf (D)
  A kobold demonologist (D)
  3 humans (D)
  An ooze (D)
  10 orcs (D)
  A rat (D)
  A plant (D)
142 creatures vanquished.

Vanquished Creatures (collateral kills)
  A killer bee (D)
1 creature vanquished.

Vanquished Creatures (others)
  2 draconian scorchers (D)
  3 yaktaurs (D)
  An orc (D)
  8 plants (D)
  8 tentacles (D)
  62 tentacle segments (D)
84 creatures vanquished.

Grand Total: 227 creatures vanquished

Notes
Turn   | Place    | Note
--------------------------------------------------------------
     0 | D        | Kidiri the Spriggan Enchanter began the quest for the Orb.
     0 | D        | Reached XP level 1. HP: 9/9 MP: 5/5
    60 | D        | Reached skill level 5 in Stealth
   106 | D        | Noticed Jessica
   121 | D        | Killed Jessica
   121 | D        | Reached skill level 1 in Fighting
   121 | D        | Reached skill level 6 in Stealth
   121 | D        | Reached XP level 2. HP: 9/14 MP: 6/8
   121 | D        | Reached XP level 3. HP: 11/18 MP: 6/9
   129 | D        | Learned a level 2 spell: Ensorcelled Hibernation
   133 | D        | Learned a level 3 spell: Confuse
   137 | D        | Learned a level 3 spell: Dazzling Spray
   183 | D        | Killed a yaktaur
   229 | D        | Killed a white draconian scorcher
   232 | D        | Killed a white draconian scorcher
   258 | D        | Reached skill level 1 in Armour
   258 | D        | Reached skill level 5 in Dodging
   264 | D        | Reached XP level 4. HP: 15/22 MP: 1/11
   352 | D        | Learned a level 3 spell: Tukima's Dance
   384 | D        | Gained mutation: You have very sharp teeth. [potion of mutation]
   384 | D        | Gained mutation: Your body sometimes deteriorates upon taking damage. [potion of mutation]
   384 | D        | Gained mutation: You are somewhat resistant to further mutation. [potion of mutation]
   385 | D        | Gained mutation: Your spells are a little easier to cast, but a little less powerful. [potion of mutation]
   386 | D        | Lost mutation: Your body sometimes deteriorates upon taking damage. [potion of cure mutation]
   386 | D        | Lost mutation: Your spells are a little easier to cast, but a little less powerful. [potion of cure mutation]
   386 | D        | Lost mutation: You are somewhat resistant to further mutation. [potion of cure mutation]
   386 | D        | Lost mutation: You have very sharp teeth. [potion of cure mutation]
   417 | D        | Noticed a water elemental
   420 | D        | Killed a water elemental
   420 | D        | Reached skill level 7 in Stealth
   420 | D        | Reached skill level 5 in Spellcasting
   420 | D        | Reached skill level 1 in Conjurations
   420 | D        | Reached skill level 5 in Hexes
   420 | D        | Reached skill level 1 in Ice Magic
   432 | D        | Noticed a shadow
   434 | D        | Killed a shadow
   434 | D        | Reached skill level 5 in Short Blades
   434 | D        | Reached skill level 9 in Stealth
   434 | D        | Reached XP level 5. HP: 27/27 MP: 13/15
   434 | D        | Reached XP level 6. HP: 32/32 MP: 13/16
   457 | D        | Found an oddly glowing altar of Pakellas.
   457 | D        | Found a stormy altar of Qazlal.
   458 | D        | Found a sacrificial altar of Ru.
   458 | D        | Found a burning altar of Makhleb.
   458 | D        | Found a viscous altar of Jiyva.
   458 | D        | Found a shimmering altar of Xom.
   458 | D        | Found a shadowy altar of Dithmenos.
   458 | D        | Found a sparkling altar of Nemelex Xobeh.
   458 | D        | Found a corrupted altar of Lugonu.
   458 | D        | Found an opulent altar of Gozag.
   458 | D        | Noticed a spatial vortex
   462 | D        | Became a worshipper of Dithmenos the Shadowed
   463 | D        | Killed a spatial vortex
   463 | D        | Reached skill level 1 in Invocations
   488 | D        | Found a radiant altar of Vehumet.
   489 | D        | Found a deep blue altar of Sif Muna.
   489 | D        | Found an ancient bone altar of Kikubaaqudgha.
   490 | D        | Reached skill level 10 in Stealth
   507 | D        | Learned a level 4 spell: Leda's Liquefaction
   516 | D        | Found a glowing silver altar of Zin.
   517 | D        | Found a glowing golden altar of the Shining One.
   517 | D        | Found a white marble altar of Elyvilon.
   517 | D        | Noticed a deep elf mage
   519 | D        | Killed a deep elf mage
   519 | D        | Reached * piety under Dithmenos
   519 | D        | Reached skill level 10 in Dodging
   519 | D        | Reached skill level 11 in Stealth
   519 | D        | Reached skill level 1 in Earth Magic
   519 | D        | Reached XP level 7. HP: 35/37 MP: 18/20
   530 | D        | Learned a level 6 spell: Iron Shot
   538 | D        | Found an iron altar of Okawaru.
   539 | D        | Found a bloodstained altar of Trog.
   539 | D        | Noticed a human
   539 | D        | Noticed a human
   541 | D        | Killed a human
   541 | D        | Reached XP level 8. HP: 42/42 MP: 21/21
   565 | D        | Found a snail-covered altar of Cheibriados.
   571 | D        | Found a basalt altar of Yredelemnul.
   571 | D        | Found a blossoming altar of Fedhas.
   575 | D        | Reached ** piety under Dithmenos
   727 | D        | Noticed Snorg
   747 | D        | Killed Snorg
   747 | D        | Reached skill level 12 in Stealth
   747 | D        | Reached XP level 9. HP: 46/46 MP: 13/23
   812 | D        | Reached skill level 10 in Spellcasting
   818 | D        | Noticed a centaur warrior
   821 | D        | Killed a centaur warrior
   821 | D        | Reached skill level 13 in Stealth
   823 | D        | Reached *** piety under Dithmenos
   823 | D        | Reached skill level 5 in Fighting
   867 | D        | Noticed an unseen horror
   869 | D        | Killed an unseen horror
   880 | D        | Noticed a queen bee
   885 | D        | Reached **** piety under Dithmenos
   888 | D        | Reached skill level 14 in Stealth
  1282 | D        | Reached ***** piety under Dithmenos
  1282 | D        | Reached skill level 10 in Short Blades
  1285 | D        | Reached XP level 10. HP: 51/51 MP: 21/26
  1484 | D        | Reached skill level 5 in Ice Magic
  1522 | D        | Reached ****** piety under Dithmenos
  1837 | D        | Reached skill level 5 in Armour
  1842 | D        | Reached skill level 15 in Stealth
  1879 | D        | Noticed a spiny frog
  1879 | D        | Noticed a spiny frog
  1882 | D        | Killed a spiny frog
  1882 | D        | Reached skill level 5 in Conjurations
  1882 | D        | Reached skill level 5 in Earth Magic
  1883 | D        | Killed a spiny frog
  1896 | D        | Learned a level 9 spell: Shatter
  1912 | D        | Noticed a lindwurm
  1915 | D        | Killed a lindwurm
  1923 | D        | Reached XP level 11. HP: 56/56 MP: 18/28
  1924 | D        | Noticed Maud
  1930 | D        | HP: 1/56 [Maud/enchanted demon trident (32)]
  1934 | D        | Killed Maud
  1934 | D        | Reached skill level 15 in Dodging
  1934 | D        | Reached skill level 16 in Stealth
  2139 | D        | Noticed a four-headed hydra
  2139 | D        | Noticed a six-headed hydra
  2142 | D        | Killed a four-headed hydra
  2143 | D        | Killed a six-headed hydra
  2186 | D        | Noticed a death drake
  2188 | D        | Killed a death drake
  2195 | D        | Found a blossoming altar of Fedhas.
  2195 | D        | Noticed a spriggan druid
  2197 | D        | Killed a spriggan druid
  2199 | D        | Reached skill level 17 in Stealth
  2221 | D        | Noticed a kraken
  2302 | D        | Killed a kraken
  2302 | D        | Reached skill level 10 in Hexes
  2434 | D        | Noticed an alligator snapping turtle
  2434 | D        | Noticed an alligator snapping turtle
  2434 | D        | Noticed an alligator snapping turtle
  2434 | D        | Found Unkir's Food Emporium.
  2434 | D        | Found Moynich's Gadget Shop.
  2434 | D        | Found Cifopp's Antique Weapon Boutique.
  2708 | D        | Killed an alligator snapping turtle
  2796 | D        | Killed an alligator snapping turtle
  2806 | D        | Killed an alligator snapping turtle
  2806 | D        | Reached XP level 12. HP: 63/63 MP: 6/31
  2815 | D        | Got a barnacled rune of Zot
  2981 | D        | HP: 2/63 [blink frog (8)]
  2987 | D        | Reached skill level 18 in Stealth
  3272 | D        | Noticed Rupert
  3277 | D        | Killed Rupert
  3298 | D        | Noticed a death yak
  3299 | D        | Noticed a death yak
  3302 | D        | Noticed a death yak
  3304 | D        | Noticed a death yak
  3308 | D        | Killed a death yak
  3324 | D        | Killed a death yak
  3478 | D        | Killed a death yak
  3489 | D        | Killed a death yak
  3489 | D        | Reached skill level 15 in Spellcasting
  3624 | D        | Noticed an azure jelly
  3624 | D        | Noticed an azure jelly
  3632 | D        | Noticed an anaconda
  3634 | D        | Reached skill level 19 in Stealth
  3636 | D        | Killed an anaconda
  3657 | D        | Noticed an anaconda
  3659 | D        | Killed an anaconda
  3680 | D        | Noticed an anaconda
  3683 | D        | Noticed an anaconda
  3683 | D        | Noticed an anaconda
  3684 | D        | Killed an anaconda
  3700 | D        | Killed an anaconda
  3711 | D        | Killed an anaconda
  3711 | D        | Reached XP level 13. HP: 68/68 MP: 25/33
  3800 | D        | Noticed a greater naga
  3800 | D        | Found Nietareg's Book Boutique.
  3800 | D        | Found Firphaxt's Antique Armour Emporium.
  3800 | D        | Found Kegij's Food Shop.
  3804 | D        | Killed a greater naga
  3826 | D        | Got a serpentine rune of Zot
  3946 | D        | Noticed an azure jelly
  3946 | D        | Noticed an azure jelly
  3947 | D        | Noticed a dire elephant
  3947 | D        | Noticed a dire elephant
  3947 | D        | Noticed Gastronok
  3960 | D        | Reached skill level 20 in Stealth
  3977 | D        | Killed Gastronok
  3991 | D        | Killed a dire elephant
  4247 | D        | Killed a dire elephant
  4247 | D        | Reached skill level 15 in Short Blades
  4375 | D        | Found Imiacubb's Armour Emporium.
  4652 | D        | Bought the +3 robe of Clouds {+Fly rElec} for 381 gold pieces
  4830 | D        | Noticed a deep elf demonologist
  4841 | D        | Noticed an Ice Fiend
  4863 | D        | Killed from afar by an Ice Fiend

Vault maps used:
D:        dungeon_sprint_mu

Action                   |  1- 3 |  4- 6 |  7- 9 | 10-12 | 13-15 || total
-------------------------+-------+-------+-------+-------+-------++-------
Melee: Dagger            |    29 |     7 |     2 |       |       ||    38
       Short sword       |       |       |    29 |   132 |    54 ||   215
 Cast: Corona            |     2 |       |       |       |       ||     2
       Ensorcelled Hiber |     3 |       |     5 |    59 |    16 ||    83
       Confuse           |     1 |       |     4 |     5 |     1 ||    11
       Dazzling Spray    |       |       |    11 |    50 |    34 ||    95
Invok: Shadow Step       |       |       |       |    19 |     7 ||    26
  Use: Potion            |     1 |     3 |       |     4 |     2 ||    10
 Stab: Sleeping          |     2 |     7 |    12 |    67 |    20 ||   108
       Confused          |     1 |       |     1 |     3 |       ||     5
       Invisible         |       |       |     3 |     9 |     7 ||    19
  Eat: Bread ration      |       |       |       |     1 |       ||     1
